 Dungeon Crawl Stone Soup version 0.25-a0-614-g73ad250637 (webtiles) character file.

Game seed: 8595375042596737988, levelgen mode: deterministic

120 kae the Insei (level 4, 0/37 HPs)
             Began as a Demonspawn Monk on Mar 17, 2020.
             Slain by an orc wizard
             ... wielding a +0 dagger of speed
              (5 damage)
             ... on level 3 of the Dungeon.
             The game lasted 00:03:10 (3513 turns).

kae the Insei (Demonspawn Monk)                     Turns: 3513, Time: 00:03:10

Health: 0/37       AC:  3    Str: 16    XL:     4   Next: 75%
Magic:  4/4        EV: 13    Int: 11    God:
Gold:   196        SH:  0    Dex: 19    Spells: 3/3 levels left

rFire    . . .     SeeInvis .     - Unarmed
rCold    . . .     Gourm    .   (no shield)
rNeg     . . .     Faith    .   a - +0 robe
rPois    .         Spirit   .   (no helmet)
rElec    +         Reflect  .   (no cloak)
rCorr    .         Harm     .   i - +0 pair of gloves {Dex+3}
MR       .....                  (no boots)
Stlth    +.........             (no amulet)
HPRegen  0.12/turn              (no ring)
MPRegen  0.09/turn              (no ring)

@: confused, stab
A: hooves 1, electricity resistance, spiny 1, strong 2, no potion heal 1
a: no special abilities


You were on level 3 of the Dungeon.
You were not hungry.

You visited 1 branch of the dungeon, and saw 3 of its levels.

You collected 196 gold pieces.

Inventory:

Armour
 a - a +0 robe (worn)
 i - a +0 pair of gloves of dexterity (worn)
Scrolls
 d - 3 scrolls of identify
 f - a scroll of remove curse
 g - 2 scrolls of magic mapping
 h - a scroll of teleportation
Potions
 e - a potion of flight
Comestibles
 b - 5 rations
 k - 4 chunks of flesh


   Skills:
 + Level 4.0 Fighting
 - Level 2.6 Dodging
 - Level 1.7 Stealth
 * Level 4.4 Unarmed Combat


You had 3 spell levels left.
You didn't know any spells.
Your spell library was empty.

Dungeon Overview and Level Annotations

Branches:
Dungeon (3/15)

Altars:
Elyvilon

Annotations:
D:3 Grinder


Innate Abilities, Weirdness & Mutations

You have large cloven feet.
You are partially covered in sharp spines.
You are resistant to electric shocks. (rElec)
Your muscles are very strong. (Str +4)
Potions are less effective at restoring your health.


Message History

You hit something.
You hear some strange, mumbled words.
A magic dart appears from out of thin air!
The magic dart hits you.
* * * LOW HITPOINT WARNING * * *
You hear some strange, mumbled words.
A puff of flame appears from out of thin air!
The puff of flame hits you!
* * * LOW HITPOINT WARNING * * *
Items here: ) ††† a cursed -3 club; a jackal corpse; a goblin corpse; a jackal corpse
Okay, then.
You see here a jackal skeleton.
It was a potion of stabbing.
You feel ready to backstab.
It was a potion of ambrosia.
You are confused.
Your system partially rejects the healing.
You feel invigorated. Something hits you.
You die...

##..÷......# ##.........#
##....o....# ...........#
...........###
##...........############
##............)o........#
############.###÷.......#
## #.###@.......# .##
#............# ..#
#####........# ..#
#........# ..# #........#
..# #........# ..#
#........# ..# ##########
.##


You could see an orc.

Vanquished Creatures
  An orc wizard (D:3)
  2 adders (D:3)
  An ooze (D:1)
  3 worms
  A dart slug (D:3)
  A leopard gecko (D:3)
  An orc (D:3)
  A giant cockroach (D:1)
  7 hobgoblins
  6 jackals (D:3)
  6 bats
  3 frilled lizards
  9 goblins
  6 kobolds
  9 rats
57 creatures vanquished.

Notes
Turn   | Place    | Note
-------+----------+-------------------------------------------
     0 | D:1      | kae the Demonspawn Monk began the quest for the Orb.
     0 | D:1      | Reached XP level 1. HP: 18/18 MP: 1/1
   198 | D:1      | Gained mutation: You are partially covered in sharp spines.
                  | [demonic ancestry]
   198 | D:1      | Reached XP level 2. HP: 17/24 MP: 2/2
  1429 | D:2      | Reached XP level 3. HP: 29/29 MP: 3/3
  1431 | D:2      | Found a white marble altar of Elyvilon.
  1668 | D:2      | Noticed an ogre
  2509 | D:3      | Noticed Grinder
  2513 | D:3      | Gained mutation: Your muscles are strong. (Str +2) [potion
                  | of mutation]
  2513 | D:3      | Gained mutation: Potions are less effective at restoring
                  | your health. [potion of mutation]
  2513 | D:3      | Gained mutation: Your muscles are very strong. (Str +4)
                  | [potion of mutation]
  2513 | D:3      | Gained mutation: You are resistant to electric shocks.
                  | (rElec) [potion of mutation]
  2883 | D:3      | Gained mutation: You have large cloven feet. [demonic
                  | ancestry]
  2883 | D:3      | Reached XP level 4. HP: 32/37 MP: 4/4
  3123 | D:3      | Paralysed by Grinder for 5 turns
  3513 | D:3      | Slain by an orc wizard

Levels and vault maps discovered:
D:1:      erik_arrival_cave_to_civilisation [erik_arrival_cave_to_temple],
          layout_basic
D:2:      layout_loops_ring, lemuel_round_altar
D:3:      layout_rooms, uniq_grinder

Skill      XL: |  1  2  3  4 |
---------------+-------------+-----
Unarmed Combat | 3 4 |  4.4
Fighting       | 4 |  4.0
Dodging        | |  2.6
Stealth        | |  1.7

Action                   |  1- 3 |  4- 6 || total
-------------------------+-------+-------++-------
Melee: Unarmed           |   110 |    36 ||   146
       Punch             |     1 |       ||     1
       Kick              |       |    14 ||    14
  Use: Scroll            |     6 |       ||     6
       Potion            |     4 |     2 ||     6
 Stab: Sleeping          |     8 |       ||     8
  Eat: Chunk             |     5 |     3 ||     8
Armor: Robe              |    13 |     9 ||    22
Dodge: Dodged            |    56 |    15 ||    71

Table legend:
 A = Non-vault XP
 B = Vault XP
 C = Vault XP percentage of total XP
 D = Non-vault monster count
 E = Vault monster count
 F = Vault count percentage of total count
                 A         B        C        D         E       F
            +---------+---------+-------+---------+---------+-------
      Total |     169 |       3 |   1.7 |      55 |       2 |   3.5
            +---------+---------+-------+---------+---------+-------
        D:1 |      30 |       3 |   9.1 |      18 |       2 |  10.0
        D:2 |      32 |       0 |   0.0 |      15 |       0 |   0.0
        D:3 |     107 |       0 |   0.0 |      22 |       0 |   0.0
            +---------+---------+-------+---------+---------+-------
